 Dungeon Crawl Stone Soup version 0.30.0-30-g96aa6591b8 (webtiles) character file.

Game seed: 1236811387848583920

22 Babbit the Shield-Bearer (level 2, 0/29 HPs)
             Began as a Troll Fighter on June 30, 2023.
             Slain by a gnoll
             ... wielding a +0 club
              (4 damage)
             ... on level 1 of the Dungeon.
             The game lasted 00:16:09 (507 turns).

Babbit the Shield-Bearer (Troll Fighter)             Turns: 507, Time: 00:16:10

Health: 0/29       AC:  8    Str: 23    XL:     2   Next: 68%
Magic:  1/1        EV:  8    Int:  4    God:
Gold:   33         SH:  7    Dex:  9    Spells: 1/1 levels left

rFire   . . .        a - +0 flail
rCold   . . .        c - +0 kite shield
rNeg    . . .        b - +0 robe
rPois   .            (helmet restricted)
rElec   .            (no cloak)
rCorr   .            (gloves unavailable)
SInv    .            (boots unavailable)
Will    .....        (no amulet)
Stlth   +            h - +4 ring of protection
HPRegen 1.04/turn    m - ring of flight
MPRegen 0.07/turn

%: no passive effects
@: mighty, flying
A: large, unfitting armour, claws 3, regeneration 1, shaggy fur 1, tough skin 1
a: no special abilities


You were on level 1 of the Dungeon.
You visited 1 branch of the dungeon, and saw 2 of its levels.

You collected 33 gold pieces.

Inventory:

Hand Weapons
 a - a +0 flail (weapon)
 n - a +0 dagger
 o - a +0 short sword
 s - a +0 club
 u - a +0 club
 w - a +0 club
Missiles
 i - 5 stones (quivered)
 v - 2 poisoned darts
Armour
 b - a +0 robe (worn)
 c - a +0 kite shield (worn)
 p - a +0 ring mail
 x - a +0 ring mail
Jewellery
 h - a +4 ring of protection (left claw)
 m - a ring of flight (right claw)
Scrolls
 f - a scroll of fog {unknown}
 g - a scroll of noise {unknown}
 j - 2 scrolls of identify {unknown}
 k - a scroll of fear {unknown}
 l - a scroll of magic mapping {unknown}
 r - a scroll of immolation {unknown}
Potions
 d - a potion of might
 e - a potion of attraction {unknown}
 q - a potion of curing {unknown}
 t - a potion of heal wounds {unknown}


   Skills:
 + Level 2.6 Fighting
 + Level 2.1 Maces & Flails
 + Level 2.7 Dodging
 + Level 2.9 Shields


You had one spell level left.
You didn't know any spells.
Your spell library was empty.

Dungeon Overview and Level Annotations

Branches:
Dungeon (2/15)

Altars:


Innate Abilities, Weirdness & Mutations

You are too large for most types of armour.
You have claws for hands.
Your natural rate of healing is unusually fast.
You are covered in fur. (AC +1)
You have tough skin. (AC +1)


Message History

The gnoll shouts! x2; The frilled lizard hisses angrily.
The endoplasm hits you.
You sock the endoplasm!
You kill the endoplasm!
The gnoll hits you with a +0 spear.
You sock the gnoll!
The gnoll is severely wounded.
The gnoll hits you but does no damage.
A hobgoblin comes into view.
The gnoll hits you but does no damage. The gnoll attacks as you move away!
The gnoll hits you with a +0 spear. The gnoll closely misses you.
There is a stone staircase leading up here.
You hit the gnoll.
The gnoll is moderately wounded.
The gnoll hits you from afar with a +0 spear.
The gnoll hits you from afar with a +0 halberd!
The gnoll barely misses you. x2
You fly upwards.
There is a stone staircase leading down here.
You barely miss the gnoll.
The gnoll is moderately wounded.
You block the gnoll's attack.
You sock the gnoll!
The gnoll is severely wounded.
The gnoll hits you with a +0 club. You block the gnoll's attack.
You feel very mighty all of a sudden. The gnoll hits you with a +0 club.
You completely miss the gnoll.
The gnoll is severely wounded.
The gnoll hits you with a +0 club.
* * * LOW HITPOINT WARNING * * *
You closely miss the gnoll.
The gnoll is severely wounded.
You block the gnoll's attack. The gnoll hits you with a +0 club.
* * * LOW HITPOINT WARNING * * *
You barely miss the gnoll.
The gnoll is severely wounded.
The gnoll hits you with a +0 club.
You die...

#####......# #.# # ##
#.......#..# #.# # .###########
#.......#..# #.# #
...........#####.......#..#.#.# #
.#########.#...........#..#.#.# #
.#..## #.#.###.......#..#.#.# #
.....# #.#.#...###.###..#.#.###
.....#####.#.#.#.#######..#.#...#
................@g...........##.#
.....#.#####.#...######.####.##.#
.....†.†........................#
##..#..#..........####.########.#
....#..#................. #.#
###.#..#...........###.####.###.#
.......#.###..#....# #.# .......
#.#.#.........#....# #.# .####.#
#.#.#.##...........# #.. ...#


You could see a gnoll.

Vanquished Creatures
  2 bats (D:1)
  3 endoplasms
  A giant cockroach (D:1)
  3 goblins (D:1)
  2 hobgoblins (D:1)
  A kobold (D:1)
  3 quokkas
  A ball python (D:1)
  2 rats (D:1)
18 creatures vanquished.

Notes
Turn   | Place    | Note
-------+----------+-------------------------------------------
     0 | D:1      | Babbit the Troll Fighter began the quest for the Orb.
     0 | D:1      | Reached XP level 1. HP: 22/22 MP: 0/0
   176 | D:1      | Reached XP level 2. HP: 29/29 MP: 1/1
   507 | D:1      | Slain by a gnoll

Illustrated notes

Levels and vault maps discovered:
D:1:      roderic_crop_circles_arrival_small, layout_basic, minmay_heptomino_l4
D:2:      layout_basic, serial_park_tiny_1

Skill      XL: |  1  2 |
---------------+-------+-----
Maces & Flails | 2 |  2.1
Fighting       | |  2.6
Dodging        | |  2.7
Shields        | |  2.9

Action                     || total
---------------------------++-------
  Melee: Flail             ||    95
  Throw: Stone             ||     1
    Use: Potion            ||     1
 Armour: Robe              ||    55
  Dodge: Dodged            ||    37
  Block: Kite shield       ||    42
